 Dungeon Crawl Stone Soup version 0.32-a0-876-gcfddb08e57 (webtiles) character file.

Game seed: 953725290523357744

46 Autsider the Magician (level 3, 0/31 HPs)
             Began as an Oni Hedge Wizard on Apr 2, 2024.
             Slain by an orc
             ... wielding a +0 dagger
              (3 damage)
             ... on level 2 of the Dungeon.
             The game lasted 00:04:30 (1724 turns).

Autsider the Magician (Oni Hedge Wizard)            Turns: 1724, Time: 00:04:30

Health: 0/31       AC:  1    Str: 14    XL:     3   Next: 66%
Magic:  3/8        EV:  8    Int: 17    God:
Gold:   71         SH:  0    Dex:  8    Spells: 7/10 levels left

rFire   . . .        (no weapon)
rCold   . . .        (no shield)
rNeg    . . .        (body armour restricted)
rPois   .            c - +0 hat
rElec   .            (no cloak)
rCorr   .            (gloves unavailable)
SInv    .            (boots unavailable)
Will    .....        (no amulet)
Stlth   +            (no ring)
HPRegen 0.25/turn    (no ring)
MPRegen 0.11/turn

%: no passive effects
@: no status effects
A: large, unfitting armour, horns 1, tough skin 1, double potion healing,
drunken brawling
a: no special abilities


You were on level 2 of the Dungeon.
You visited 1 branch of the dungeon, and saw 2 of its levels.

You collected 71 gold pieces.

Inventory:

Armour
 c - a +0 hat (worn)
Scrolls
 a - a scroll of immolation {unknown}
 b - a scroll of butterflies {unknown}
 g - 2 scrolls of vulnerability {unknown}
 h - 2 scrolls of identify {unknown}
 j - a scroll of fear {unknown}
Potions
 d - a potion of magic
 e - 3 potions of heal wounds {unknown}
 f - a potion of mutation {unknown}
 i - a potion of might {unknown}


   Skills:
 - Level 1.7 Dodging
 - Level 1.4 Stealth
 + Level 4.2 Spellcasting
 + Level 1.8 Conjurations
 + Level 1.8 Summonings
 - Level 0.8 Translocations


You had 7 spell levels left.
You knew the following spells:

 Your Spells              Type           Power      Damage    Failure   Level
a - Magic Dart            Conj           36%        1d4       8%          1
A - Call Imp              Summ           20%        N/A       11%         2

Your spell library contained the following spells:

 Spells                   Type           Power      Damage    Failure   Level
 Slow                     Hex            12%        N/A       16%         1
 Blink                    Tloc           12%        N/A       16%         2
 Cigotuvi's Dreadful Rot  Necr/Alch/Air  6%         N/A       24%         2
 Mephitic Cloud           Conj/Alch/Air  5%         N/A       34%         3


Dungeon Overview and Level Annotations

Branches:
Dungeon (2/15)

Altars:

Annotations:
D:1 exclusion: 2 downstairs


Innate Abilities, Weirdness & Mutations

You are too large for most types of armour.
You have a pair of small horns on your head.
You have tough skin. (AC +1)
You gain doubled healing and magic from potions.
Whenever you drink a healing potion, you attack all around you.


Message History

* * * LOW HITPOINT WARNING * * *
Casting: Magic Dart (safe; 8% risk of failure)
Confirm with . or Enter, or press ? or * to list all spells.
Aiming: Magic Dart (safe; 8% risk of failure)
Press: ? - help, Shift-Dir - straight line, f/p - orc
Aim: an orc, wielding a +0 flail and wearing a +0 scale mail (severely wounded, 100% to hit)
The magic dart hits the orc but does no damage.
The orc is severely wounded.
The orc barely misses you.
You barely miss the orc.
The orc is severely wounded.
The orc hits you with a +0 flail!
* * * LOW HITPOINT WARNING * * *
You hit the orc but do no damage.
The orc is severely wounded.
The orc hits you with a +0 flail.
* * * LOW HITPOINT WARNING * * *
Casting: Magic Dart (safe; 8% risk of failure)
Confirm with . or Enter, or press ? or * to list all spells.
Aiming: Magic Dart (safe; 8% risk of failure)
Press: ? - help, Shift-Dir - straight line, f/p - orc
Aim: an orc, wielding a +0 flail and wearing a +0 scale mail (severely wounded, 100% to hit)
The magic dart hits the orc.
You kill the orc!
The orc attacks as it pursues you! The orc closely misses you.
The orc attacks as it pursues you! The orc hits you with a +0 dagger.
* * * LOW HITPOINT WARNING * * *
The orc attacks as it pursues you! The orc closely misses you.
The orc attacks as it pursues you! The orc barely misses you.
The orc attacks as it pursues you! The orc hits you with a +0 dagger.
* * * LOW HITPOINT WARNING * * *
The orc attacks as it pursues you! The orc barely misses you.
Casting: Magic Dart (safe; 8% risk of failure)
Confirm with . or Enter, or press ? or * to list all spells.
Aiming: Magic Dart (safe; 8% risk of failure)
Press: ? - help, Shift-Dir - straight line, f - orc
Aim: an orc, wielding a +0 dagger and wearing a +0 scale mail (100% to hit)
The magic dart hits the orc but does no damage.
The orc hits you with a +0 dagger.
You die...

#.##........####.#
#.##........# #.#
#..'........# #.# ##
######........# #.#
..#..
............... ...
#.#..# ##.....######
#.# ..... +.....+
#+#
#...######o....###
#........@#......#
#.....###.#.####.#.#
#.........#.).o....#
#.#.#.###.######.###
#....<....# #.#
###.#.##### #.#
#.#.# #.# # #># #.#
#+# #.#


You could see an orc.

Vanquished Creatures
  An orc wizard (D:1)
  A dart slug (D:1)
  An orc (D:2)
  3 ball pythons (D:1)
  3 hobgoblins (D:1)
  2 kobolds (D:1)
  A quokka (D:1)
  A bat (D:1)
  A frilled lizard (D:1)
  A goblin (D:1)
  2 rats (D:1)
17 creatures vanquished.

Vanquished Creatures (collateral kills)
  An endoplasm (D:1)
1 creature vanquished.

Grand Total: 18 creatures vanquished

Notes
Turn   | Place    | Note
-------+----------+-------------------------------------------
     0 | D:1      | Autsider the Oni Hedge Wizard began the quest for the Orb.
     0 | D:1      | Reached XP level 1. HP: 16/16 MP: 5/5
   145 | D:1      | Reached skill level 1 in Conjurations
   145 | D:1      | Reached skill level 1 in Summonings
   431 | D:1      | Reached XP level 2. HP: 20/24 MP: 0/6
   434 | D:1      | Learned a level 2 spell: Call Imp
  1025 | D:1      | Reached skill level 4 in Spellcasting
  1535 | D:1      | HP: 1/24 [orc wizard/+1 dagger of flaming (3)]
  1538 | D:1      | Reached XP level 3. HP: 2/31 MP: 4/8
  1724 | D:2      | Slain by an orc

Illustrated notes

Levels and vault maps discovered:
D:1:      dpeg_arrival_arbitrary_c, layout_basic, due_unseen_surprise
D:2:      layout_basic, amcnicky_mini_pool_small, hangedman_decor_push,
          kennysheep_decorative_pillar

Skill      XL: |  1  2 |
---------------+-------+-----
Conjurations   | 1 |  1.8
Summonings     | 1 |  1.8
Spellcasting   | 4 |  4.2
Dodging        | |  1.7
Stealth        | |  1.4
Translocations | |  0.8

Action                     || total
---------------------------++-------
  Melee: Unarmed           ||    19
         Headbutt          ||     2
   Cast: Magic Dart        ||    67
         Call Imp          ||     1
 Armour: Skin              ||    35
  Dodge: Dodged            ||    19

Table legend: (Time is in decaauts)
 A = Elapsed time spent in this place.
 B = Non-inter-level travel time spent in this place.
 C = Inter-level travel time spent in this place.
 D = Time resting spent in this place.
 E = Time spent auto-exploring this place.
 F = Levels seen in this place.
 G = Mean time per level.
                   A        B        C        D        E       F      G
               +--------+--------+--------+--------+--------+-----+--------+
         Total |   1724 |   1642 |     82 |      0 |   1398 |   2 |  862.0 |
       Dungeon |   1724 |   1642 |     82 |      0 |   1398 |   2 |  862.0 |
               +--------+--------+--------+--------+--------+-----+--------+

Top non-repeatable levels by time:
     D:1: 1640 daAuts
     D:2: 84 daAuts
